 Dungeon Crawl Stone Soup version 0.18.1-48-g4cf74bf (webtiles) character file.

185 Redz the Grasshopper (level 5, -1/32 HPs)
             Began as a Gargoyle Warper on Aug 18, 2016.
             Was an Initiate of Okawaru.
             Killed from afar by an orc wizard (12 damage)
             ... with a puff of flame
             ... on level 3 of the Dungeon.
             The game lasted 00:13:58 (2617 turns).

Redz the Grasshopper (Gargoyle Warper)              Turns: 2617, Time: 00:13:59

Health: -1/32      AC:  7    Str: 12 (14) XL:     5   Next: 64%
Magic:  7/8        EV: 12    Int: 14 (15) God:    Okawaru [......]
Gold:   143        SH:  0    Dex:  7 (9)  Spells: 3 memorised, 3 levels left

rFire  . . .     SeeInvis .     h - +0 flail
rCold  . . .     Gourm    .     n - +1 robe
rNeg   + . .     Faith    .     (no shield)
rPois  ∞         Spirit   .     (no helmet)
rElec  +         Dismiss  .     (no cloak)
rCorr  .         Reflect  .     (no gloves)
SustAt .         Harm     .     (no boots)
MR     .....                    (no amulet)
Stlth  +.........               (no ring)
                                (no ring)

@: shrouded (expiring), not resistant to hostile enchantments, very unstealthy
A: negative energy resistance 1, electricity resistance, unbreathing,
petrification resistance, rot immunity, AC +4
a: Renounce Religion


You were on level 3 of the Dungeon.
You worshipped Okawaru.
Okawaru was noncommittal.
You were not hungry.

You visited 1 branch of the dungeon, and saw 3 of its levels.

You collected 143 gold pieces.

Inventory:

Hand Weapons
 h - a +0 flail (weapon)
Missiles
 e - 5 tomahawks of dispersal (quivered)
Armour
 b - a +0 leather armour
 n - a +1 robe (worn)
Scrolls
 d - a scroll of blinking
 g - a scroll of immolation
 i - a scroll of noise {unknown}
 m - a scroll of teleportation {unknown}
Potions
 a - a potion of might
 j - a potion of magic
 l - a potion of heal wounds {unknown}
Books
 c - a book of Spatial Translocations

   Spells                             Type                      Level
   a - Apportation                    Translocation                1
   b - Blink                          Translocation                2
   c - Shroud of Golubria             Charms/Translocation         2
   d - Portal Projectile              Translocation                3
   e - Teleport Other                 Translocation                3
   f - Passage of Golubria            Translocation                4
Comestibles
 f - 3 bread rations
 k - 6 chunks of flesh


   Skills:
 * Level 3.2 Fighting
 * Level 3.0 Maces & Flails
 - Level 0.8 Throwing
 + Level 2.2 Armour
 + Level 2.0 Dodging
 + Level 1.6 Stealth
 + Level 2.4 Spellcasting
 + Level 3.3 Translocations


You had 3 spell levels left.
You knew the following spells:

 Your Spells              Type           Power        Failure   Level  Hunger
a - Apportation           Tloc           ##........   6%          1    #......
b - Blink                 Tloc           N/A          10%         2    ###....
c - Shroud of Golubria    Chrm/Tloc      #.........   21%         2    ###....


Dungeon Overview and Level Annotations

Branches:
Dungeon (3/15)

Altars:
Ashenzari
Dithmenos
Kikubaaqudgha
Nemelex Xobeh
Okawaru
Pakellas
Qazlal
Trog
Yredelemnul

Shops:
D:2 }


Innate Abilities, Weirdness & Mutations

You are resistant to torment.
Your stone body is resilient (AC +4).
You are immune to poison.
You resist negative energy.
You are resistant to electric shocks.
You can survive without breathing.
You are immune to petrification.
You are immune to rotting.


Message History

Confirm with . or Enter, or press ? or * to list all spells.
Space distorts slightly along a thin shroud covering your body.
Something completely misses you.
You hit something. Something hits you but does no damage.
You miss something.
Something hits you but does no damage. x2
You miss something. Something hits you but does no damage.
You hit something. Something completely misses you.
You barely miss something. Something hits you but does no damage.
You hit something.
Your shroud begins to fray at the edges.
Something hits you but does no damage.
You closely miss something. Something hits you.
You hear some strange, mumbled words.
A puff of flame appears from out of thin air!
The puff of flame hits you!
You miss something.
You hear some strange, mumbled words.
A puff of flame appears from out of thin air!
The puff of flame hits you!
You die...

.........###.#.# .#
...........#.#.##.# # # ####
...........#.#.#.... .. ....
...................#.## ....
.......(..(..#...#....# ....
#####........#.#....... ....
....###.[(..#.#.._..._ ####
.... #.#(#...........
#.#.......###@#(#.#o#....⌠..
#.........#...{.#.#(#oo.(...
#.#.......#.....###()o._..._
#.#.......#........o#.......
####.#.......#....######......#
.............#....# #######
.............#....#
....{o............#
....#........#....#


There were no monsters in sight!

Vanquished Creatures
  A vampire bat (D:3)
  Jessica (D:2)
  3 adders
  A worm (D:2)
  3 dart slugs (D:1)
  2 giant geckos
  4 orcs
  10 bats
  3 giant cockroaches
  9 goblins
  8 hobgoblins
  11 jackals
  2 quokkas
  A giant newt (D:1)
  9 kobolds
  7 rats
75 creatures vanquished.

Notes
Turn   | Place    | Note
--------------------------------------------------------------
     0 | D:1      | Redz the Gargoyle Warper began the quest for the Orb.
     0 | D:1      | Reached XP level 1. HP: 12/12 MP: 3/3
    76 | D:1      | Reached XP level 2. HP: 18/18 MP: 5/5
   303 | D:1      | Reached XP level 3. HP: 22/22 MP: 6/6
   340 | D:1      | Learned a level 2 spell: Blink
   343 | D:1      | Learned a level 2 spell: Shroud of Golubria
   725 | D:2      | Found a faded altar to an unknown god.
   749 | D:2      | Noticed Jessica
   996 | D:2      | Reached XP level 4. HP: 21/27 MP: 7/7
  1025 | D:2      | Found an oddly glowing altar of Pakellas.
  1025 | D:2      | Found Pakellas's Prime Provisions.
  1097 | D:2      | Found an iron altar of Okawaru.
  1117 | D:2      | Became a worshipper of Warmaster Okawaru
  1215 | D:2      | Killed Jessica
  1215 | D:2      | Reached skill level 1 in Stealth
  1299 | D:2      | Found a bloodstained altar of Trog.
  1344 | D:2      | Noticed an earth elemental
  1346 | D:2      | Found a stormy altar of Qazlal.
  1347 | D:2      | Noticed a water elemental
  1347 | D:2      | Noticed an air elemental
  1347 | D:2      | Noticed a fire elemental
  1673 | D:2      | HP: 1/27 [crimson imp (1)]
  1996 | D:3      | Found a shadowy altar of Dithmenos.
  2093 | D:3      | Found a basalt altar of Yredelemnul.
  2096 | D:3      | Found an ancient bone altar of Kikubaaqudgha.
  2096 | D:3      | Found a shattered altar of Ashenzari.
  2096 | D:3      | Found a sparkling altar of Nemelex Xobeh.
  2180 | D:2      | Reached XP level 5. HP: 10/32 MP: 0/8
  2617 | D:3      | Killed from afar by an orc wizard

Skill      XL: |  1  2  3  4  5 |
---------------+----------------+-----
Translocations | 3 |  3.3
Armour         | 2 |  2.2
Stealth        | 1 |  1.6
Fighting       | 3 |  3.2
Dodging        | 2 |  2.0
Maces & Flails | 3 |  3.0
Throwing       | |  0.8
Spellcasting   | |  2.4

Action                   |  1- 3 |  4- 6 || total
-------------------------+-------+-------++-------
Melee: Mace              |   135 |   175 ||   310
       Flail             |       |   147 ||   147
 Cast: Shroud of Golubri |       |    10 ||    10
       Blink             |       |     5 ||     5
  Use: Scroll            |       |     3 ||     3
       Potion            |       |     3 ||     3
 Stab: Sleeping          |       |     2 ||     2
  Eat: Chunk             |     1 |     2 ||     3
       Bread ration      |       |     1 ||     1
Armor: Leather armour    |    67 |    34 ||   101
       Robe              |       |   143 ||   143
Dodge: Dodged            |    89 |   262 ||   351
